 Dungeon Crawl Stone Soup version 0.31-a0-151-ge443d1f16c (webtiles) character file.

Game seed: 3865338922834815320

53 qw the Shooter (level 3, -3/31 HPs)
             Began as a Minotaur Hunter on June 8, 2023.
             Frozen to death by an endoplasm (4 damage)
             ... on level 2 of the Dungeon.
             The game lasted 00:00:17 (603 turns).

qw the Shooter (Minotaur Hunter)                     Turns: 603, Time: 00:00:18

Health: -3/31      AC:  3    Str: 15    XL:     3   Next: 62%
Magic:  2/2        EV: 12    Int:  6    God:
Gold:   63         SH:  0    Dex: 15    Spells: 2/2 levels left

rFire   . . .        Y - +0 shortbow
rCold   . . .        (shield currently unavailable)
rNeg    . . .        c - +0 leather armour
rPois   .            (helmet restricted)
rElec   .            (no cloak)
rCorr   .            (no gloves)
SInv    .            (no boots)
Will    .....        (no amulet)
Stlth   +            (no ring)
HPRegen 0.25/turn    (no ring)
MPRegen 0.08/turn

%: no passive effects
@: lethally poisoned (-3 -> -4)
A: horns 2, retaliatory headbutt
a: no special abilities


You were on level 2 of the Dungeon.
You visited 1 branch of the dungeon, and saw 2 of its levels.

You collected 63 gold pieces.


Innate Abilities, Weirdness & Mutations

You have a pair of horns on your head.
You reflexively headbutt those who attack you in melee.


   Skills:
 - Level 3.0 Fighting
 + Level 5.7 Ranged Weapons
 - Level 2.1 Dodging
 - Level 0.7 Stealth


You had 2 spell levels left.
You didn't know any spells.
Your spell library was empty.

Inventory:

Hand Weapons
 Y - a +0 shortbow (weapon)
Armour
 c - a +0 leather armour (worn)

Dungeon Overview and Level Annotations

Branches:
Dungeon (2/15)

Altars:


Message History

The endoplasm freezes you.
You are frozen.
You shoot an arrow. The arrow barely misses the adder.
You feel sick. The jackal completely misses you. The adder barely misses you.
You furiously retaliate!
You headbutt the adder!
An endoplasm comes into view.
The endoplasm hits you. The jackal closely misses you. The adder bites you.
You are lethally poisoned!
The adder poisons you!
You shoot an arrow. The endoplasm quivers.
The arrow hits the adder.
You kill the adder!
You feel sick. The jackal closely misses you. The endoplasm closely misses you.
The jackal misses you.
You shoot an arrow. The arrow hits the endoplasm!
You kill the endoplasm!
You feel sick. The jackal barely misses you.
You shoot an arrow.
The arrow completely misses the dart slug.
You feel sick. The jackal closely misses you. You furiously retaliate!
You headbutt the jackal. The dart slug closely misses you.
You furiously retaliate!
You headbutt the dart slug. The jackal misses you. You furiously retaliate!
You headbutt the jackal.
You kill the jackal!
You shoot an arrow.
The arrow hits the dart slug but does no damage.
The dart slug is lightly wounded.
You feel sick. The dart slug launches a dart at you. The slug dart misses you.
You shoot an arrow. The arrow hits the dart slug.
The dart slug is severely wounded.
You feel sick. The dart slug closely misses you.
You shoot an arrow. The arrow hits the dart slug.
You kill the dart slug!
You feel sick. The endoplasm freezes you.
You are frozen.
You die...

##... ...##.# . %...
..#..#### .#...
........# .... ........#
### #.. #.......#
...$#..## #.......#
#...%.####.......# #
#....@...........####.
......J...##............
...........#..........#
...........#..........##
...............:........
.............)......<#..
.....................#
........................
.........#........


You could see an endoplasm.

Vanquished Creatures
  2 adders (D:2)
  A dart slug (D:2)
  6 endoplasms
  3 giant cockroaches (D:1)
  2 hobgoblins (D:1)
  4 jackals (D:2)
  2 kobolds (D:1)
  A quokka (D:1)
  3 ball pythons (D:1)
  4 frilled lizards (D:1)
  A goblin (D:1)
  5 rats (D:1)
34 creatures vanquished.

Notes
Turn   | Place    | Note
-------+----------+-------------------------------------------
     0 | D:1      | qw the Minotaur Hunter began the quest for the Orb.
     0 | D:1      | Reached XP level 1. HP: 18/18 MP: 0/0
     0 | D:1      | 0 ||| qw: Version: 0.2-a-120-gdf1a93b
     0 | D:1      | 0 ||| qw: Game counter: 3117
     0 | D:1      | 0 ||| qw: Always use a shield: true
     0 | D:1      | 0 ||| qw: God list: Okawaru
     0 | D:1      | 0 ||| qw: Allow faded altars: false
     0 | D:1      | 0 ||| qw: Do Orc after D:15 true
     0 | D:1      | 0 ||| qw: Do second Lair branch before Depths: true
     0 | D:1      | 0 ||| qw: Lair rune preference: random
     0 | D:1      | 0 ||| qw: Plans: Normal
     0 | D:1      | 0 ||| PLANNING D:1-11
    81 | D:1      | Reached XP level 2. HP: 25/25 MP: 1/1
   138 | D:1      | Reached skill level 5 in Ranged Weapons
   217 | D:1      | Found a faded altar of an unknown god.
   225 | D:1      | Reached skill level 3 in Fighting
   545 | D:1      | 545 ||| READING 3 scrolls labelled WICLIAPYENK.
   546 | D:1      | 546 ||| READING scroll labelled OHILAO POJULL.
   547 | D:1      | 547 ||| DROPPING 2 scrolls of blinking.
   548 | D:1      | 548 ||| DROPPING scroll of butterflies.
   585 | D:2      | Reached XP level 3. HP: 31/31 MP: 2/2
   598 | D:2      | HP: 6/31 [poisoned by an adder]
   602 | D:2      | HP: 1/31 [poisoned by an adder]
   603 | D:2      | Frozen to death by an endoplasm

Levels and vault maps discovered:
D:1:      elethiomel_arrival_infinity_welcomes_careful_drivers, layout_rooms,
          chequers_ecumenical_altar_island
D:2:      minmay_chambers_of_twos, layout_rooms, serial_bayou_lagoon_a

Skill      XL: |  1  2 |
---------------+-------+-----
Ranged Weapons | 5 |  5.7
Fighting       | 3 |  3.0
Dodging        | |  2.1
Stealth        | |  0.7

Action                     || total
---------------------------++-------
   Fire: Shortbow          ||    74
    Use: Scroll            ||     2
 Armour: Leather armour    ||    10
  Dodge: Dodged            ||    37

Table legend:
 A = Non-vault XP
 B = Vault XP
 C = Vault XP percentage of total XP
 D = Non-vault monster count
 E = Vault monster count
 F = Vault count percentage of total count
                 A         B        C        D         E       F
            +---------+---------+-------+---------+---------+-------
      Total |      80 |       0 |   0.0 |      34 |       0 |   0.0
            +---------+---------+-------+---------+---------+-------
        D:1 |      40 |       0 |   0.0 |      26 |       0 |   0.0
        D:2 |      40 |       0 |   0.0 |       8 |       0 |   0.0
            +---------+---------+-------+---------+---------+-------
